 Dungeon Crawl Stone Soup version 0.31-a0-1321-g5021b54cb2 (webtiles) character file.

Game seed: 2312881209799418576

186 Rennog the Carver (level 5, -4/38 HPs)
             Began as a Gnoll Wanderer on Dec 21, 2023.
             Was an Initiate of Ru.
             Slain by a river rat (5 damage)
             ... in a sewer.
             The game lasted 00:05:18 (2171 turns).

Rennog the Carver (Gnoll Wanderer)                  Turns: 2171, Time: 00:05:19

Health: -4/38      AC:  4    Str: 13    XL:     5   Next: 66%
Magic:  7/7        EV: 12    Int: 10    God:    Ru [......]
Gold:   93         SH:  0    Dex: 13    Spells: 7/7 levels left

rFire   + . .        g - +1 spear (venom)
rCold   . . .        (no shield)
rNeg    . . .        o - +1 leather armour {rF+}
rPois   .            (no helmet)
rElec   .            (no cloak)
rCorr   .            (no gloves)
SInv    +            (no boots)
Will    .....        (no amulet)
Stlth   +            t - ring of see invisible
HPRegen 0.26/turn    (no ring)
MPRegen 0.10/turn

%: no passive effects
@: about to teleport, very slow
A: fangs 1, strong nose, distributed training
a: Renounce Religion, Sacrifice Essence, Sacrifice Durability, Sacrifice Words,
Reject Sacrifices


You were in a sewer.
You worshipped Ru.
Ru was noncommittal.
You visited 1 branch of the dungeon, and saw 3 of its levels.
You also visited: Sewer.

You collected 93 gold pieces.

Inventory:

Hand Weapons
 a - a +2 spear
 b - a +0 falchion
 d - a +0 dagger
 g - a +1 spear of venom (weapon)
Missiles
 c - 8 boomerangs (quivered)
Armour
 h - a +0 plate armour
 o - a +1 leather armour of fire resistance (worn)
Jewellery
 t - a ring of see invisible (left hand)
Scrolls
 f - a scroll of revelation {unknown}
 i - a scroll of vulnerability {unknown}
 k - a scroll of summoning {unknown}
 l - a scroll of amnesia {unknown}
 m - a scroll of fog {unknown}
 p - 3 scrolls of teleportation
 q - a scroll of brand weapon {unknown}
 r - a scroll of poison {unknown}
 s - a scroll of enchant weapon {unknown}
Potions
 e - a potion of brilliance
 j - 2 potions of heal wounds {unknown}
 n - a potion of curing {unknown}
 u - a potion of might {unknown}
 v - 4 potions of enlightenment


   Skills:
 + Level 1.6 Fighting
 + Level 1.6 Short Blades
 + Level 8.7 Long Blades
 + Level 1.6 Axes
 + Level 1.6 Maces & Flails
 + Level 4.8 Polearms
 + Level 1.6 Staves
 + Level 1.6 Ranged Weapons
 + Level 6.7 Throwing
 + Level 1.6 Armour
 + Level 3.1 Dodging
 + Level 1.6 Stealth
 + Level 1.6 Shields
 + Level 1.6 Unarmed Combat
 + Level 1.6 Spellcasting
 + Level 1.3 Conjurations
 + Level 1.3 Hexes
 + Level 1.3 Summonings
 + Level 1.3 Necromancy
 + Level 1.3 Translocations
 + Level 1.3 Fire Magic
 + Level 1.3 Ice Magic
 + Level 1.3 Air Magic
 + Level 1.3 Earth Magic
 + Level 1.3 Alchemy
 + Level 1.9 Invocations
 + Level 1.6 Evocations
 + Level 1.5 Shapeshifting


You had 7 spell levels left.
You didn't know any spells.
Your spell library was empty.

Dungeon Overview and Level Annotations

Branches:
Dungeon (3/15)              Sewer (1/1)

Altars:
Ru

Shops:
D:3 [


Innate Abilities, Weirdness & Mutations

You have very sharp teeth.
Your uncanny sense of smell can sniff out nearby items.
Your experience applies equally to all skills.


Message History

You miss the quokka. The quokka bites you.
You closely miss the quokka. Your bite misses the quokka.
The quokka splashes around in the water.
You closely miss the quokka. The quokka bites you.
You closely miss the quokka.
The quokka splashes around in the water.
You closely miss the quokka. Your bite misses the quokka.
The quokka splashes around in the water.
You hit the quokka. You bite the quokka, but do no damage.
The quokka is severely wounded.
The quokka splashes around in the water.
You hit the quokka.
You kill the quokka!
No target in view!
You enter the shallow water.
Moving in this stuff is going to be slow.
A river rat comes into view.
The river rat moves out of view.
Why would you want to do that? Why would you want to do that?
Press: ? - help, v - describe, . - travel Some shallow water.
There are monsters nearby!
The crocodile bites you! The crocodile drags you backwards!
The river rat misses you.
The crocodile attacks as it pursues you!
The crocodile bites you. The crocodile drags you backwards!
The river rat closely misses you.
The crocodile bites you but does no damage.
The river rat attacks as it pursues you!
The river rat bites you. The crocodile barely misses you.
The river rat closely misses you. The crocodile bites you!
The crocodile drags you backwards!
As you read the scroll of teleportation, it crumbles to dust.
You feel strangely unstable. The river rat closely misses you.
The crocodile barely misses you. The river rat barely misses you.
The crocodile bites you!
* * * LOW HITPOINT WARNING * * *
The crocodile drags you backwards! The river rat bites you.
You die...

###### ###### ###.....
###...~## ##...~# ##
##...~~~~####...~~#≈≈≈≈
###...~~~#~~≈#..~l≈≈≈#
....~~~≈~#.#≈##~@≈####
~~~~~~≈≈≈#.# #~~r## ∆
≈≈###~####.##≈≈#.# ∆∆
###..~...#.#####.# ∆∆ #
#......##......# ∆ #
################


You could see a crocodile and a river rat.

Vanquished Creatures
  A sickly merfolk siren (Sewer)
  4 adders
  4 river rats (Sewer)
  3 worms
  3 dart slugs
  6 bats
  5 endoplasms
  A giant cockroach (Sewer)
  6 goblins
  3 hobgoblins (D:1)
  11 jackals
  4 quokkas
  13 ball pythons
  2 frilled lizards
  3 kobolds
  5 rats
74 creatures vanquished.

Notes
Turn   | Place    | Note
-------+----------+-------------------------------------------
     0 | D:1      | Rennog the Gnoll Wanderer began the quest for the Orb.
     0 | D:1      | Rennog set off with the following items: a +2 spear, a +0
                  | falchion, 8 boomerangs, a +0 dagger, a potion of
                  | brilliance, a +0 leather armour.
     0 | D:1      | Reached XP level 1. HP: 13/13 MP: 1/1
    52 | D:1      | Reached XP level 2. HP: 19/19 MP: 2/2
   258 | D:1      | Reached XP level 3. HP: 21/25 MP: 3/3
   441 | D:1      | Found a faded altar of an unknown god.
   479 | D:1      | Prayed at the altar of an unknown god.
   479 | D:1      | Became a worshipper of Ru the Awakened
   598 | D:1      | Reached skill level 1 in Invocations
   825 | D:2      | Reached skill level 1 in Fighting
   825 | D:2      | Reached skill level 1 in Short Blades
   825 | D:2      | Reached skill level 1 in Axes
   825 | D:2      | Reached skill level 1 in Maces & Flails
   825 | D:2      | Reached skill level 1 in Staves
   825 | D:2      | Reached skill level 1 in Ranged Weapons
   825 | D:2      | Reached skill level 1 in Armour
   825 | D:2      | Reached skill level 1 in Stealth
   825 | D:2      | Reached skill level 1 in Shields
   825 | D:2      | Reached skill level 1 in Unarmed Combat
   825 | D:2      | Reached skill level 1 in Spellcasting
   825 | D:2      | Reached skill level 1 in Evocations
   883 | D:2      | Reached skill level 1 in Shapeshifting
   883 | D:2      | Reached XP level 4. HP: 27/32 MP: 5/5
  1051 | D:2      | Reached skill level 1 in Conjurations
  1051 | D:2      | Reached skill level 1 in Hexes
  1051 | D:2      | Reached skill level 1 in Summonings
  1051 | D:2      | Reached skill level 1 in Necromancy
  1051 | D:2      | Reached skill level 1 in Translocations
  1051 | D:2      | Reached skill level 1 in Fire Magic
  1051 | D:2      | Reached skill level 1 in Ice Magic
  1051 | D:2      | Reached skill level 1 in Air Magic
  1051 | D:2      | Reached skill level 1 in Earth Magic
  1051 | D:2      | Reached skill level 1 in Alchemy
  1766 | D:3      | Found Xaan's Antique Armour Shop.
  1781 | D:3      | Found a glowing drain.
  1815 | Sewer    | Entered a sewer
  1898 | Sewer    | Reached XP level 5. HP: 36/37 MP: 7/7
  2133 | Sewer    | Noticed a crocodile
  2171 | Sewer    | HP: 1/38 [crocodile (15)]
  2171 | Sewer    | Slain by a river rat

Illustrated notes

Levels and vault maps discovered:
D:1:      beargit_arrival_diablo_church, layout_rooms,
          shapermc_ecumenical_altar_venn
D:2:      layout_loops_cross, chequers_serial_rivers_small_a, roderic_lattice_a
D:3:      layout_rooms, cheibrodos_sewer_entry_bend, serial_shops, shop,
          nicolae_shop_tiny_glass, shop
Sewer:    sewer_sea

Skill      XL: |  1  2  3  4  5 |
---------------+----------------+-----
Invocations    | 1 |  1.9
Fighting       | 1 |  1.6
Short Blades   | 1 |  1.6
Axes           | 1 |  1.6
Maces & Flails | 1 |  1.6
Staves         | 1 |  1.6
Ranged Weapons | 1 |  1.6
Armour         | 1 |  1.6
Stealth        | 1 |  1.6
Shields        | 1 |  1.6
Unarmed Combat | 1 |  1.6
Spellcasting   | 1 |  1.6
Evocations     | 1 |  1.6
Shapeshifting  | 1 |  1.5
Conjurations   | 1 |  1.3
Hexes          | 1 |  1.3
Summonings     | 1 |  1.3
Necromancy     | 1 |  1.3
Translocations | 1 |  1.3
Fire Magic     | 1 |  1.3
Ice Magic      | 1 |  1.3
Air Magic      | 1 |  1.3
Earth Magic    | 1 |  1.3
Alchemy        | 1 |  1.3
Dodging        | 3 |  3.1
Long Blades    | |  8.7
Polearms       | |  4.8
Throwing       | |  6.7

Action                     |  1- 3 |  4- 6 || total
---------------------------+-------+-------++-------
  Melee: Spear             |   103 |   135 ||   238
         Bite              |     6 |    13 ||    19
    Use: Scroll            |       |     1 ||     1
   Stab: Sleeping          |     2 |     3 ||     5
 Armour: Leather armour    |    45 |    66 ||   111
  Dodge: Dodged            |    45 |    83 ||   128

Table legend: (Time is in decaauts)
 A = Elapsed time spent in this place.
 B = Non-inter-level travel time spent in this place.
 C = Inter-level travel time spent in this place.
 D = Time resting spent in this place.
 E = Time spent auto-exploring this place.
 F = Levels seen in this place.
 G = Mean time per level.
                   A        B        C        D        E       F      G
               +--------+--------+--------+--------+--------+-----+--------+
         Total |   2168 |   1936 |    232 |      0 |   1478 |   4 |  542.0 |
       Dungeon |   1795 |   1563 |    232 |      0 |   1203 |   3 |  598.3 |
         Sewer |    372 |    372 |      0 |      0 |    275 |   1 |  372.0 |
               +--------+--------+--------+--------+--------+-----+--------+

Top non-repeatable levels by time:
     D:2: 907 daAuts
     D:1: 713 daAuts
   Sewer: 372 daAuts
     D:3: 175 daAuts
